 Dungeon Crawl Stone Soup version 0.18-a0-1515-g333d932 (webtiles) character file.

46 MenacingMecha the Chucker (level 3, 33/33 HPs)
             Began as an Ogre Arcane Marksman on Mar 7, 2016.
             Was an Initiate of Trog.
             Quit the game on level 2 of the Dungeon.
             The game lasted 00:07:15 (1203 turns).

MenacingMecha the Chucker (Ogre Arcane Marksman)    Turns: 1203, Time: 00:07:15

Health: 33/33      AC:  4    Str: 17    XL:     3   Next: 68%
Magic:  4/4        EV: 10    Int: 12    God:    Trog [......]
Gold:   30         SH:  0    Dex:  9    Spells: 1 memorised, 3 levels left

rFire  . . .     SeeInvis .     g - +2 short sword (venom)
rCold  . . .     Gourm    .     a - +0 robe
rNeg   . . .     Faith    .     (no shield)
rPois  .         Spirit   .     (helmet restricted)
rElec  .         Dismiss  .     h - +0 cloak
rCorr  .         Reflect  .     (gloves unavailable)
SustAt .         Harm     .     (boots unavailable)
MR     .....                    (no amulet)
Stlth  +.........               (no ring)
                                (no ring)

@: not resistant to hostile enchantments, very unstealthy
A: unfitting armour, tough skin 1
a: Burn Spellbooks, Renounce Religion


You were on level 2 of the Dungeon.
You worshipped Trog.
Trog was noncommittal.
You were not hungry.

You visited 1 branch of the dungeon, and saw 2 of its levels.

You collected 30 gold pieces.

Inventory:

Hand Weapons
 g - a +2 short sword of venom (weapon)
Missiles
 c - 4 large rocks (quivered)
 d - 2 throwing nets
Armour
 a - a +0 robe (worn)
 h - a +0 cloak (worn)
Jewellery
 q - an uncursed ring of sustain attributes {unknown}
Scrolls
 e - 4 scrolls of identify {unknown}
 i - a scroll of enchant weapon {unknown}
 j - a scroll of magic mapping {unknown}
 l - a scroll of random uselessness {unknown}
 m - a scroll of remove curse {unknown}
Potions
 k - a potion of curing {unknown}
 n - 2 potions of magic {unknown}
 o - a potion of resistance {unknown}
Books
 b - a book of Debilitation

   Spells                             Type                      Level
   a - Corona                         Hexes                        1
   b - Slow                           Hexes                        2
   c - Gell's Gravitas                Hexes/Translocation          3
   d - Inner Flame                    Hexes/Fire                   3
   e - Cause Fear                     Hexes                        4
   f - Leda's Liquefaction            Hexes/Earth                  4
   Trog disapproves of the use of such an item.
Comestibles
 f - a bread ration
 p - 10 chunks of flesh


   Skills:
 - Level 1.3 Fighting
 + Level 3.2 Throwing
 - Level 1.7 Dodging
 - Level 1.2 Spellcasting
 - Level 2.7 Hexes


You had 3 spell levels left.
You knew the following spells:

 Your Spells              Type           Power        Failure   Level  Hunger
a - Corona                Hex            #......      12%         1    ##.....


Dungeon Overview and Level Annotations

Branches:
Dungeon (2/15)

Altars:
Ashenzari
Trog


Innate Abilities, Weirdness & Mutations

You are too large for most types of armour.
You have tough skin (AC +1).


Message History

p - 9 chunks of flesh (gained 3)
A rat comes into view.
The rat closely misses you.
You hit the rat.
You kill the rat!
You see here a rat corpse.
You butcher the rat corpse.
p - 10 chunks of flesh (gained 1)
Found a bloodstained altar of Trog.
You start resting.
HP restored.
There is a bloodstained altar of Trog here.
You kneel at the altar of Trog.
Trog welcomes you!
You can now call upon Trog to burn spellbooks in your surroundings.
Found a hand axe.
You see here a hand axe.
Found a long sword.
Okay, then.
Are you sure you want to abandon this character and quit the game? (Confirm with "yes".)

.## #........##.......... .#
#.#############.##### .# #.#
#.# # .# #.# #.# # .#### #.#
#.# ## ....# #.# #.. .. ###.#
#)# #.# ## #.# #.##########
#.. .. #.# #...@......) ## #.#
############ #.# #.# #.# ##.##
##### ##### ##...##
##...####...# #.....#########
#.....##.###.
..............#######........#
#.


There were no monsters in sight!

Vanquished Creatures
  2 adders (D:2)
  2 worms
  A giant gecko (D:1)
  A ball python (D:1)
  3 bats
  A giant cockroach (D:2)
  2 goblins (D:1)
  3 hobgoblins
  A giant newt (D:1)
  2 kobolds (D:1)
  3 rats
21 creatures vanquished.

Notes
Turn   | Place    | Note
--------------------------------------------------------------
     0 | D:1      | MenacingMecha the Ogre Arcane Marksman began the quest for the Orb.
     0 | D:1      | Reached XP level 1. HP: 19/19 MP: 2/2
   389 | D:1      | Reached XP level 2. HP: 27/27 MP: 1/3
   864 | D:2      | Reached skill level 3 in Throwing
   864 | D:2      | Reached XP level 3. HP: 15/33 MP: 1/4
  1037 | D:2      | Found a shattered altar of Ashenzari.
  1137 | D:2      | Found a bloodstained altar of Trog.
  1158 | D:2      | Became a worshipper of Trog the Wrathful
  1203 | D:2      | Quit the game

Vault maps used:
D:1:      lightli_arrival_isolated_outpost
D:2:      ashenzari_altar_1, marbit_many_paths, nicolae_overflow_hidden_temple,
          minitemple, okawaru_trees_2

Skill      XL: |  1  2 |
---------------+-------+-----
Throwing       | 3 |  3.2
Fighting       | |  1.3
Dodging        | |  1.7
Spellcasting   | |  1.2
Hexes          | |  2.7

Action                   || total
-------------------------++-------
Melee: Short sword       ||    62
Throw: Large rock        ||     9
 Cast: Corona            ||     7
  Eat: Chunk             ||     1
